 Dungeon Crawl Stone Soup version 0.29.1-4-g47bece8355 (webtiles) character file.

Game seed: 16712427390291927281

7 ChadusMaximus the Caller (level 1, -1/10 HPs)
             Began as a Deep Elf Summoner on Dec 4, 2022.
             Slain by a rat (3 damage)
             ... on level 1 of the Dungeon.
             The game lasted 00:00:30 (238 turns).

ChadusMaximus the Caller (Deep Elf Summoner)         Turns: 238, Time: 00:00:31

Health: -1/10      AC:  3    Str:  5    XL:     1   Next: 91%
Magic:  4/6        EV: 11    Int: 19    God:
Gold:   0          SH:  0    Dex: 15    Spells: 5/6 levels left

rFire   . . .      SeeInvis .   e - +0 short sword
rCold   . . .      Faith    .   (no shield)
rNeg    . . .      Spirit   .   c - +0 leather armour
rPois   .          Reflect  .   (no helmet)
rElec   .          Harm     .   (no cloak)
rCorr   .          Rampage  .   (no gloves)
Will    .....                   (no boots)
Stlth   ++........              (no amulet)
HPRegen 0.03/turn               (no ring)
MPRegen 0.10/turn               (no ring)

@: no status effects
A: no striking features
a: no special abilities


You were on level 1 of the Dungeon.
You visited 1 branch of the dungeon, and saw 1 of its levels.

Inventory:

Hand Weapons
 e - a +0 short sword (weapon)
Armour
 a - a +0 robe
 c - a +0 leather armour (worn)
Scrolls
 d - 2 scrolls of teleportation {unknown}
Potions
 b - a potion of magic
 f - a potion of haste {unknown}


   Skills:
 + Level 2.6 Dodging
 + Level 2.7 Stealth
 + Level 3.2 Spellcasting
 + Level 4.5 Summonings


You had 5 spell levels left.
You knew the following spells:

 Your Spells              Type           Power      Damage    Failure   Level
a - Summon Small Mammal   Summ           80%        N/A       4%          1

Your spell library contained the following spells:

 Spells                   Type           Power      Damage    Failure   Level
 Call Imp                 Summ           20%        N/A       6%          2
 Call Canine Familiar     Summ           20%        N/A       12%         3
 Summon Guardian Golem    Hex/Summ       11%        N/A       30%         3
 Summon Lightning Spire   Summ/Air       11%        N/A       69%         4


Dungeon Overview and Level Annotations

Branches:
Dungeon (1/15)

Altars:


Message History

The helpless hobgoblin fails to defend itself.
You hit the hobgoblin.
You kill the hobgoblin!
You see here a hobgoblin corpse.
Your quokka disappears in a puff of smoke!
You open the door.
There is an open door here.
You open the door.
An endoplasm comes into view.
A rat comes into view.
There is an open door here.
There are monsters nearby!
The endoplasm quivers.
There are monsters nearby!
You hit the endoplasm but do no damage. The endoplasm freezes you.
You are frozen.
The endoplasm freezes you.
You are frozen.
Ouch! That really hurt!
* * * LOW HITPOINT WARNING * * *
The rat bites you but does no damage.
Casting: Summon Small Mammal (safe; 4% risk of failure)
Confirm with . or Enter, or press ? or * to list all spells.
The endoplasm barely misses you. The rat closely misses you.
Casting: Summon Small Mammal (safe; 4% risk of failure)
Confirm with . or Enter, or press ? or * to list all spells.
Your quokka bites the endoplasm.
The endoplasm freezes your quokka.
Your quokka is frozen.
The rat closely misses you.
You are too injured to fight recklessly!
You are too injured to fight recklessly!
You barely miss the endoplasm.
The endoplasm is heavily wounded.
Your quokka bites the endoplasm.
The endoplasm freezes you.
You are frozen.
* * * LOW HITPOINT WARNING * * *
The rat bites you.
You die...

########## #####
.........#######...#
.........#.....#...####
......r..'.....'......#
......J@.#.....#...##.##
......rr.#.....#...#...#
.........#.....#...#...#
.........#....######†###
.........#....#8^ #.# .
..########....###.##_##.
. ######.........
#^#....... #8^(......


You could see an endoplasm (ally target), a rat, a friendly quokka (summoned)
and a friendly rat (summoned).

Vanquished Creatures
  A ball python (D:1)
  2 hobgoblins (D:1)
  A rat (D:1)
4 creatures vanquished.

Vanquished Creatures (collateral kills)
  2 kobolds (D:1)
2 creatures vanquished.

Grand Total: 6 creatures vanquished

Notes
Turn   | Place    | Note
-------+----------+-------------------------------------------
     0 | D:1      | ChadusMaximus the Deep Elf Summoner began the quest for the
                  | Orb.
     0 | D:1      | Reached XP level 1. HP: 10/10 MP: 6/6
   190 | D:1      | Found a faded altar of an unknown god.
   238 | D:1      | Slain by a rat

Illustrated notes

Levels and vault maps discovered:
D:1:      lemuel_arrival_hallway, layout_basic,
          shapermc_ecumenical_altar_mp_highgroup, corexii_leaking_fountain,
          hangedman_decor_growths

Action                   || total
-------------------------++-------
Melee: Short sword       ||     6
       Unarmed           ||     1
 Cast: Summon Small Mamm ||    13
 Stab: Distracted        ||     1
       Sleeping          ||     1
Armor: Leather armour    ||     2
Dodge: Dodged            ||     7
